 Dungeon Crawl Stone Soup version 0.30-a0-591-g3c58d2bc28 (webtiles) character file.

Game seed: 9907823746459531036

431 gelatine the Chopper (level 6, -1/46 HPs)
             Began as a Demonspawn Gladiator on Jan 5, 2023.
             Slain by an ufetubus (4 damage)
             ... on level 5 of the Dungeon.
             The game lasted 00:06:26 (3514 turns).

gelatine the Chopper (Demonspawn Gladiator)         Turns: 3514, Time: 00:06:26

Health: -1/46      AC:  1    Str: 17    XL:     6   Next: 66%
Magic:  9/9        EV: 13    Int:  9    God:
Gold:   242        SH:  0    Dex: 14    Spells: 8/9 levels left

rFire   . . .      SeeInvis .    y - +0 war axe (heavy)
rCold   . . .      Faith    .    (no shield)
rNeg    . . .      Spirit   .    b - +0 leather armour
rPois   .          Reflect  .    (helmet restricted)
rElec   .          Harm     .    (no cloak)
rCorr   .          Rampage  .    (no gloves)
Will    ++...                    (no boots)
Stlth   +                        (no amulet)
HPRegen 0.27/turn                o - ring of willpower
MPRegen 0.11/turn                (no ring)

@: no status effects
A: demonic magic 2, horns 1, deformed body, strong-willed 1
a: no special abilities


You were on level 5 of the Dungeon.
You visited 1 branch of the dungeon, and saw 5 of its levels.

You collected 242 gold pieces.

Inventory:

Hand Weapons
 a - a +0 war axe
 y - a +0 heavy war axe (weapon)
Missiles
 d - 3 throwing nets (quivered)
 e - a javelin
 f - 2 poisoned darts
Armour
 b - a +0 leather armour (worn)
 c - a +0 helmet
Jewellery
 o - a ring of willpower (left hand)
 u - an amulet of guardian spirit
Wands
 x - a wand of charming (12)
Scrolls
 g - 2 scrolls of identify {unknown}
 i - 2 scrolls of torment {unknown}
 l - 4 scrolls of teleportation {unknown}
 m - a scroll of fear {unknown}
 n - a scroll of immolation {unknown}
 q - 2 scrolls of fog {unknown}
 t - a scroll of magic mapping {unknown}
 v - a scroll of amnesia {unknown}
 w - a scroll of noise {unknown}
Potions
 h - a potion of mutation
 j - a potion of might {unknown}
 k - a potion of heal wounds {unknown}
 p - 2 potions of curing {unknown}
 r - 2 potions of flight {unknown}
 s - a potion of ambrosia {unknown}
 z - a potion of haste {unknown}
 A - a potion of degeneration {unknown}


   Skills:
 + Level 2.9 Fighting
 + Level 4.4 Axes
 + Level 2.0 Throwing
 + Level 2.1 Armour
 + Level 3.6 Dodging
 + Level 1.2 Stealth
 * Level 2.2 Spellcasting
 + Level 1.0 Transmutations


You had 8 spell levels left.
You knew the following spells:

 Your Spells              Type           Power      Damage    Failure   Level
a - Beastly Appendage     Tmut           4%         N/A       26%         1

Your spell library contained the following spells:

 Spells                   Type           Power      Damage    Failure   Level
 Apportation              Tloc           0%         N/A       36%         1
 Necrotise                Necr           0%         1d4       36%         1
 Summon Small Mammal      Summ           0%         N/A       36%         1
 Wereblood                Tmut           2%         N/A       36%         2
 Blink                    Tloc           0%         N/A       52%         2
 Momentum Strike          Conj/Tloc      0%         3d8       52%         2
 Sublimation of Blood     Necr           0%         N/A       52%         2
 Spider Form              Tmut/Pois      1%         N/A       67%         3
 Lesser Beckoning         Tloc           0%         N/A       75%         3
 Summon Hydra             Summ           0%         N/A       100%        7


Dungeon Overview and Level Annotations

Branches:
Dungeon (5/15)
 Temple: D:4-7

Altars:
Dithmenos
Kikubaaqudgha


Innate Abilities, Weirdness & Mutations

Spells you cast may paralyse nearby enemies.
You have a pair of small horns on your head.
Armour fits poorly on your strangely shaped body.
You are strong-willed. (Will+)


Message History

The ufetubus misses you. The ufetubus hits you.
The orc hits you but does no damage.
The ufetubus hits you but does no damage.
The ufetubus hits you. The orc hits you with a +0 club.
You barely miss the orc. You barely miss the ufetubus.
The ufetubus barely misses you.
The ufetubus hits you but does no damage. x2
The ufetubus misses you. The orc closely misses you. The ufetubus hits you.
The ufetubus closely misses you. The orc hits you with a +0 club.
You barely miss the orc. You closely miss the ufetubus.
The ufetubus closely misses you. The ufetubus misses you.
The ufetubus hits you. The ufetubus misses you. The orc closely misses you.
The ufetubus hits you. The ufetubus misses you.
You hit the orc.
The orc is severely wounded.
You miss the ufetubus. The ufetubus closely misses you. The ufetubus hits you.
The orc hits you but does no damage. The ufetubus barely misses you. x2
The orc misses you. The ufetubus misses you. The ufetubus barely misses you.
You slash the orc!
You kill the orc!
You hit the ufetubus but do no damage. The ufetubus hits you.
* * * LOW HITPOINT WARNING * * *
The ufetubus closely misses you. The ufetubus misses you.
The ufetubus closely misses you. The ufetubus barely misses you.
The ufetubus hits you.
* * * LOW HITPOINT WARNING * * *
You miss the ufetubus. The ufetubus closely misses you. The ufetubus hits you.
* * * LOW HITPOINT WARNING * * *
The ufetubus hits you.
* * * LOW HITPOINT WARNING * * *
The ufetubus hits you but does no damage.
It was a potion of mutation.
You feel extremely strange. A pair of horns grows on your head!
Your +0 helmet falls away!
You feel strong-willed.
Your body twists and deforms.
The ufetubus hits you.
* * * LOW HITPOINT WARNING * * *
The ufetubus hits you but does no damage.
The ufetubus hits you.
You die...

####...##
##.##
..<...## #.#
#####.# #.#
#.# #.# #+#
#.# #.#
###.###
##.#...#
#.)@##.#
+....5..#.#
............
....##.###.##
.⌠. #. .# ~~
#. # ~ .. ..


You could see an ufetubus.

Vanquished Creatures
  A bullfrog (D:4)
  A necrophage (D:4)
  A howler monkey (D:4)
  A hound (D:4)
  A jelly (D:4)
  3 iguanas
  4 adders
  An ufetubus (D:4)
  A worm (D:2)
  2 dart slugs
  An orc (D:5)
  5 bats
  7 endoplasms
  3 giant cockroaches
  7 goblins
  4 hobgoblins
  6 jackals
  7 quokkas
  9 ball pythons
  4 frilled lizards
  8 kobolds
  6 rats
83 creatures vanquished.

Notes
Turn   | Place    | Note
-------+----------+-------------------------------------------
     0 | D:1      | gelatine the Demonspawn Gladiator began the quest for the
                  | Orb.
     0 | D:1      | Reached XP level 1. HP: 16/16 MP: 1/1
    56 | D:1      | Gained mutation: Spells you cast may paralyse adjacent
                  | enemies. [demonic ancestry]
    56 | D:1      | Reached XP level 2. HP: 19/22 MP: 2/2
   142 | D:1      | Reached skill level 3 in Axes
   705 | D:2      | Reached XP level 3. HP: 27/27 MP: 3/3
  1637 | D:3      | Reached XP level 4. HP: 15/33 MP: 4/4
  2068 | D:3      | Found a shadowy altar of Dithmenos.
  2339 | D:4      | Reached skill level 1 in Armour
  2339 | D:4      | Reached skill level 1 in Spellcasting
  2446 | D:4      | Reached XP level 5. HP: 39/39 MP: 6/6
  2585 | D:4      | Learned a level 1 spell: Beastly Appendage
  2829 | D:4      | Reached skill level 4 in Axes
  3028 | D:4      | Gained mutation: Spells you cast may paralyse nearby
                  | enemies. [demonic ancestry]
  3028 | D:4      | Reached XP level 6. HP: 39/46 MP: 6/8
  3039 | D:4      | Reached skill level 1 in Stealth
  3238 | D:4      | Found an ancient bone altar of Kikubaaqudgha.
  3293 | D:4      | Reached skill level 1 in Transmutations
  3473 | D:5      | Entered Level 5 of the Dungeon
  3514 | D:5      | Gained mutation: You have a pair of small horns on your
                  | head. [potion of mutation]
  3514 | D:5      | Gained mutation: You are strong-willed. (Will+) [potion of
                  | mutation]
  3514 | D:5      | Gained mutation: Armour fits poorly on your strangely
                  | shaped body. [potion of mutation]
  3514 | D:5      | Slain by an ufetubus

Illustrated notes

Levels and vault maps discovered:
D:1:      minmay_arrival_five_plusses, layout_basic
D:2:      layout_loops_corners
D:3:      layout_basic, nicolae_dithmenos_shadow_blocks, minmay_misc_feat_tower
D:4:      kb_forest_paths, layout_loops_ring, mainiacjoe_overflow_paths
D:5:      layout_loops_corners, serial_park_tiny_pond, abandoned_shop

Skill      XL: |  1  2  3  4  5  6 |
---------------+-------------------+-----
Dodging        | 3 |  3.6
Axes           | 3 4 |  4.4
Throwing       | 2 |  2.0
Armour         | 1 2 |  2.1
Spellcasting   | 1 2 |  2.2
Stealth        | 1 |  1.2
Transmutations | 1 |  1.0
Fighting       | |  2.9

Action                   |  1- 3 |  4- 6 || total
-------------------------+-------+-------++-------
Melee: War axe           |   109 |   120 ||   229
       Punch             |     1 |     1 ||     2
       Kick              |       |     3 ||     3
       Headbutt          |       |     3 ||     3
 Cast: Beastly Appendage |       |     4 ||     4
  Use: Potion            |       |     1 ||     1
 Stab: Distracted        |     1 |       ||     1
       Sleeping          |       |     1 ||     1
       Paralysed         |       |     2 ||     2
Armor: Leather armour    |    41 |    43 ||    84
Dodge: Dodged            |    83 |   126 ||   209

Table legend: (Time is in decaauts)
 A = Elapsed time spent in this place.
 B = Non-inter-level travel time spent in this place.
 C = Inter-level travel time spent in this place.
 D = Time resting spent in this place.
 E = Time spent auto-exploring this place.
 F = Levels seen in this place.
 G = Mean time per level.
                   A        B        C        D        E       F      G
               +--------+--------+--------+--------+--------+-----+--------+
         Total |   3603 |   3487 |    116 |      0 |   2803 |   5 |  720.6 |
       Dungeon |   3603 |   3487 |    116 |      0 |   2803 |   5 |  720.6 |
               +--------+--------+--------+--------+--------+-----+--------+

Top non-repeatable levels by time:
     D:4: 1178 daAuts
     D:2: 999 daAuts
     D:3: 737 daAuts
     D:1: 636 daAuts
     D:5: 51 daAuts
